 Dungeon Crawl Stone Soup version 0.28-a0-863-g8cecda6153 (console) character file.

Game seed: 9531030536742475426

6215 jejorda2 the Basher (level 10, -4/60 HPs)
             Began as a Gargoyle Berserker on Nov 17, 2021.
             Was an Elder of Trog.
             Slain by a kobold brigand (6 damage)
             ... on level 9 of the Dungeon.
             The game lasted 00:24:14 (9470 turns).

jejorda2 the Basher (Gargoyle Berserker)            Turns: 9470, Time: 00:24:17

Health: -4/60      AC:  7    Str: 25    XL:     10   Next: 92%
Magic:  10/10      EV: 12    Int:  7    God:    Trog [****..]
Gold:   552        SH:  0    Dex:  9    Spells: 9/9 levels left

rFire   . . .      SeeInvis .   y - +1 flail
rCold   . . .      Faith    .   (no shield)
rNeg    + . .      Spirit   .   r - +4 scale mail
rPois   ∞          Reflect  .   (no helmet)
rElec   +          Harm     .   d - +0 cloak
rCorr   .          Rampage  .   A - +2 pair of gloves
Will    .....                   (no boots)
Stlth   ..........              (no amulet)
HPRegen 0.20/turn               (no ring)
MPRegen 0.12/turn               (no ring)

@: corroded, on berserk cooldown, slowed, studying Dodging, very slow
A: sickness immunity, AC +7, negative energy resistance 1, electricity
resistance, torment resistance 1, petrification resistance
a: Renounce Religion, Berserk, Trog's Hand, Brothers in Arms


You were on level 9 of the Dungeon.
You worshipped Trog.
Trog was greatly pleased with you.
You visited 1 branch of the dungeon, and saw 9 of its levels.

You collected 552 gold pieces.

Inventory:

Hand Weapons
 a - a +4 mace
 x - a +0 antimagic mace
 y - a +1 flail (weapon)
Missiles
 e - 260 stones
 n - 7 javelins
 t - 5 curare-tipped darts
 u - 50 poisoned darts (quivered)
 F - 6 boomerangs
Armour
 b - a +0 animal skin
 d - a +0 cloak (worn)
 r - a +4 scale mail (worn)
 A - a +2 pair of gloves (worn)
Wands
 g - a wand of polymorph (7)
 k - a wand of charming (6)
 s - a wand of paralysis (5)
 z - a wand of mindburst (4)
Scrolls
 c - 2 scrolls of teleportation
 j - a scroll of enchant weapon
 p - 2 scrolls of silence
 q - a scroll of fear {unknown}
Potions
 f - a potion of resistance
 i - 2 potions of haste
 l - 2 potions of flight
 m - 2 potions of lignification
 o - 4 potions of attraction
 C - 3 potions of berserk rage
 D - a potion of mutation


   Skills:
 - Level 6.0 Fighting
 * Level 13.5 Maces & Flails
 - Level 6.0 Armour
 + Level 7.4 Dodging


You had 9 spell levels left.
You didn't know any spells.
Your spell library was empty.

Dungeon Overview and Level Annotations

Branches:
Dungeon (9/15)             Temple (0/1) D:7            Lair (0/6) D:8
    Orc: D:9-12

Altars:
Ashenzari
Cheibriados
Elyvilon
Fedhas
Gozag
Hepliaklqana
Kikubaaqudgha
Makhleb
Nemelex Xobeh
Qazlal
Uskayaw
Vehumet
Xom


Innate Abilities, Weirdness & Mutations

You are immune to sickness and miasma.
Your stone body is resilient. (AC +7)
You are immune to poison.
You resist negative energy. (rN+)
You are resistant to electric shocks. (rElec)
You are resistant to unholy torment.
You are immune to petrification.


Message History

The kobold brigand hits you with a +0 short sword.
You closely miss the kobold brigand.
The kobold brigand is severely wounded.
The kobold brigand misses you.
You hit the kobold brigand.
The kobold brigand is severely wounded.
The kobold brigand hits you with a +0 short sword.
You hit the kobold brigand but do no damage.
The kobold brigand is severely wounded.
The kobold brigand completely misses you.
You hit the kobold brigand but do no damage.
The kobold brigand is severely wounded.
The kobold brigand hits you but does no damage.
The kobold brigand hits you with a +0 short sword.
You miss the kobold brigand.
The kobold brigand is severely wounded.
The kobold brigand hits you with a +0 short sword.
* * * LOW HITPOINT WARNING * * *
You closely miss the kobold brigand.
The kobold brigand is severely wounded.
The kobold brigand closely misses you.
You hit the kobold brigand.
The kobold brigand is severely wounded.
The kobold brigand hits you with a +0 short sword!
* * * LOW HITPOINT WARNING * * *
You hit the kobold brigand but do no damage.
The kobold brigand is severely wounded.
The kobold brigand hits you with a +0 short sword.
* * * LOW HITPOINT WARNING * * *
It was a potion of magic.
Magic courses through your body.
The kobold brigand hits you with a +0 short sword.
* * * LOW HITPOINT WARNING * * *
The kobold brigand hits you with a +0 short sword.
* * * LOW HITPOINT WARNING * * *
Aiming: Paralyse
Press: ? - help, Shift-Dir - straight line, f - kobold brigand
Aim: a kobold brigand, wielding a +0 short sword and quivering poisoned darts (severely wounded, chance to affect: 46%)
The kobold brigand resists with some effort.
The kobold brigand hits you with a +0 short sword.
You die...

#.........# ...
#...#.....# ...
#####.....########
.... #.............
.... ##...[........
#..## #.##.........
###....###.##.########
......)K##.##.#
......)KK@.##.#
#..#######....# ####.#
#.#


You could see a kobold brigand and 2 kobolds.

Vanquished Creatures
  A centaur warrior (D:9)
  Joseph (D:7)
  Maggie (D:7)
  2 kobold demonologists (D:9)
  A troll (D:8)
  Grinder (D:3)
  A hornet (D:9)
  A steam dragon (D:6)
  A water moccasin (D:8)
  Duvessa (D:7)
  2 black bears
  An ice beast (D:5)
  4 ogres
  A necrophage (D:7)
  An orc warrior (D:9)
  4 phantoms
  6 centaurs
  3 kobold brigands
  3 bullfrogs
  A gnoll sergeant (D:7)
  A scorpion (D:6)
  Dowan (D:7)
  5 killer bees (D:9)
  The ghost of axecop the Distorting Demonspawn, a weakling DsAK of Lugonu (D:4)
  3 howler monkeys
  2 electric eels
  A bullfrog zombie (D:6)
  2 centaur zombies (D:8)
  A jelly (D:7)
  A gnoll shaman (D:7)
  3 orc priests
  4 hounds
  2 iguanas
  2 bullfrog skeletons
  10 orc wizards
  Natasha (D:4)
  9 adders
  8 gnolls (D:7)
  2 dart slugs
  25 orcs
  2 ball pythons (D:2)
  8 endoplasms
  4 giant cockroaches
  11 goblins
  8 hobgoblins
  3 jackals
  4 quokkas
  6 bats
  5 frilled lizards
  13 kobolds
  4 rats
189 creatures vanquished.

Vanquished Creatures (others)
  A fungus (D:4)
  4 plants
5 creatures vanquished.

Grand Total: 194 creatures vanquished

Notes
Turn   | Place    | Note
-------+----------+-------------------------------------------
     0 | D:1      | jejorda2 the Gargoyle Berserker began the quest for the
                  | Orb.
     0 | D:1      | Reached XP level 1. HP: 14/14 MP: 1/1
   306 | D:1      | Found a faded altar of an unknown god.
   356 | D:1      | Reached XP level 2. HP: 14/19 MP: 2/2
   992 | D:2      | Reached XP level 3. HP: 23/23 MP: 3/3
  1658 | D:2      | Reached skill level 4 in Maces & Flails
  1658 | D:2      | Reached XP level 4. HP: 20/29 MP: 4/4
  2160 | D:3      | Noticed Grinder
  2407 | D:3      | Killed Grinder
  2408 | D:3      | Reached skill level 5 in Maces & Flails
  2408 | D:3      | Reached XP level 5. HP: 34/34 MP: 5/5
  2408 | D:3      | Reached XP level 6. HP: 39/39 MP: 6/6
  2527 | D:3      | Found a snail-covered altar of Cheibriados.
  2527 | D:3      | Found a faded altar of an unknown god.
  2543 | D:3      | Found a faded altar of an unknown god.
  2545 | D:3      | Found a white marble altar of Elyvilon.
  2547 | D:3      | Found a radiant altar of Vehumet.
  2843 | D:3      | Reached ** piety under Trog
  3219 | D:4      | Found a sparkling altar of Nemelex Xobeh.
  3243 | D:4      | Reached skill level 5 in Fighting
  3243 | D:4      | Reached XP level 7. HP: 34/44 MP: 7/7
  3433 | D:4      | Found a hazy altar of Hepliaklqana.
  3541 | D:4      | Reached skill level 6 in Maces & Flails
  3916 | D:4      | Noticed Natasha
  3930 | D:4      | Killed Natasha
  3931 | D:4      | Reached skill level 5 in Armour
  4130 | D:4      | Found a runed translucent gate.
  4130 | D:4      | Found a runed translucent gate.
  4130 | D:4      | Found a runed translucent gate.
  4131 | D:4      | Noticed axecop's ghost (weakling DsAK)
  4422 | D:4      | Killed axecop's ghost
  4429 | D:4      | Reached XP level 8. HP: 51/51 MP: 8/8
  4562 | D:5      | Entered Level 5 of the Dungeon
  4574 | D:5      | Reached skill level 7 in Maces & Flails
  4846 | D:5      | Found a shimmering altar of Xom.
  4921 | D:5      | Reached skill level 8 in Maces & Flails
  5562 | D:5      | Reached skill level 9 in Maces & Flails
  5657 | D:6      | Reached *** piety under Trog
  5658 | D:6      | Reached XP level 9. HP: 55/55 MP: 9/9
  5859 | D:6      | Found a blossoming altar of Fedhas.
  6012 | D:6      | Found a hide-covered altar of Uskayaw.
  6162 | D:6      | Reached skill level 10 in Maces & Flails
  6665 | D:7      | Found a staircase to the Ecumenical Temple.
  6771 | D:7      | Identified a scroll of acquirement
  6771 | D:7      | Acquired a manual of Dodging
  6859 | D:7      | Found a broken altar of Ashenzari.
  6883 | D:7      | Found a burning altar of Makhleb.
  7136 | D:7      | Noticed Dowan
  7148 | D:7      | Killed Dowan
  7151 | D:7      | Reached skill level 11 in Maces & Flails
  7152 | D:7      | Noticed Duvessa
  7167 | D:7      | Killed Duvessa
  7436 | D:7      | Noticed Maggie
  7443 | D:7      | Killed Maggie
  7891 | D:7      | Noticed Joseph
  7906 | D:7      | Killed Joseph
  7907 | D:7      | Reached skill level 12 in Maces & Flails
  7907 | D:7      | Reached skill level 5 in Dodging
  7907 | D:7      | Reached XP level 10. HP: 51/60 MP: 10/10
  8150 | D:8      | Found a staircase to the Lair.
  8351 | D:8      | Found an ancient bone altar of Kikubaaqudgha.
  8511 | D:8      | Found an opulent altar of Gozag.
  8759 | D:8      | Found a stormy altar of Qazlal.
  9149 | D:9      | Noticed a centaur warrior
  9162 | D:9      | Killed a centaur warrior
  9163 | D:9      | Reached skill level 13 in Maces & Flails
  9409 | D:9      | Noticed a kobold demonologist
  9413 | D:9      | Noticed a kobold demonologist
  9435 | D:9      | Noticed a rust devil
  9446 | D:9      | Killed a kobold demonologist
  9446 | D:9      | Reached **** piety under Trog
  9449 | D:9      | Killed a kobold demonologist
  9469 | D:9      | HP: 1/60 [kobold brigand (3)]
  9470 | D:9      | Slain by a kobold brigand

Illustrated notes

Levels and vault maps discovered:
D:1:      sevenhm_arrival_forest_fort_small_3, layout_loops_ring,
          hellmonk_ecumenical_altar_lost_god
D:2:      layout_basic, serial_forest, infiniplex_forest_clump_curved,
          infiniplex_forest_clump_tiny, infiniplex_forest_lined_room_2,
          infiniplex_forest_clump_small, infiniplex_forest_lined_1,
          infiniplex_forest_straight_1, infiniplex_forest_straight_2,
          minmay_tromino_i4
D:3:      layout_rooms, chequers_temple_overflow_minitemple, serial_glass,
          glass_columns_b, glass_columns_b, item_on_display_a,
          item_on_display_a, uniq_grinder
D:4:      layout_basic, mainiacjoe_overflow_concentric_impassable,
          nzn_hepliaklqana_mist_gate, gammafunk_ghost_nasty_kobolds,
          hangedman_feature_mirror, chequers_serial_rivers_small_3, uniq_natasha
D:5:      layout_loops_ring, overflow_temple_1_default
D:6:      layout_gridville, mainiacjoe_overflow_cross_hatched,
          fedhas_bush_and_centaur_altar, minmay_misc_feat_tiny
D:7:      layout_gridville, cheibrodos_ashenzari_chains, lemuel_crystal_altar,
          minmay_temple_entry_tees, minivault_4, uniq_duvessa, uniq_maggie,
          uniq_joseph
D:8:      layout_basic, kiku_gazebo_pond_becter,
          nicolae_qazlal_eye_of_the_storm, mainiacjoe_overflow_boulevard,
          lair_entry_dummy
D:9:      minmay_flawed_box, layout_long_grid, kennysheep_generic_room_10

Skill      XL: |  1  2  3  4  5  6  7  8  9 10 |
---------------+-------------------------------+-----
Maces & Flails | 4 5 6 9 12 13 | 13.5
Armour         | 3 4 5 6 |  6.0
Fighting       | 4 5 6 |  6.0
Dodging        | 5 7 |  7.4

Action                   |  1- 3 |  4- 6 |  7- 9 | 10-12 || total
-------------------------+-------+-------+-------+-------++-------
Melee: Mace              |    89 |    67 |   239 |   109 ||   504
       Flail             |       |    48 |   110 |    75 ||   233
Throw: Stone             |     5 |       |       |       ||     5
       Javelin           |       |     1 |     3 |       ||     4
       Dart              |       |       |    10 |     9 ||    19
Invok: Berserk           |     1 |     5 |    11 |     4 ||    21
       Trog's Hand       |       |       |     3 |       ||     3
Evoke: Wand              |       |       |     1 |     2 ||     3
  Use: Scroll            |       |       |    17 |     2 ||    19
       Potion            |       |       |     2 |     1 ||     3
 Stab: Sleeping          |     1 |       |       |       ||     1
Armor: Animal skin       |    33 |    22 |       |       ||    55
       Scale mail        |       |    30 |   301 |   129 ||   460
Dodge: Dodged            |    60 |    56 |   228 |   122 ||   466

Table legend: (Time is in decaauts)
 A = Elapsed time spent in this place.
 B = Non-inter-level travel time spent in this place.
 C = Inter-level travel time spent in this place.
 D = Time resting spent in this place.
 E = Time spent auto-exploring this place.
 F = Levels seen in this place.
 G = Mean time per level.
                   A        B        C        D        E       F      G
               +--------+--------+--------+--------+--------+-----+--------+
         Total |   9657 |   9366 |    291 |   1627 |   6157 |   9 | 1073.0 |
       Dungeon |   9657 |   9366 |    291 |   1627 |   6157 |   9 | 1073.0 |
               +--------+--------+--------+--------+--------+-----+--------+

Top non-repeatable levels by time:
     D:2: 1623 daAuts
     D:7: 1457 daAuts
     D:4: 1410 daAuts
     D:6: 1085 daAuts
     D:5: 1081 daAuts
     D:3: 856 daAuts
     D:8: 842 daAuts
     D:1: 808 daAuts
     D:9: 491 daAuts
